[Event "Turkish Super League 2019"]
[Site "Konya"]
[Date "2019.07.21"]
[Round "5"]
[White "Lobanov, Sergei"]
[Black "Ozen, Bahadir"]
[Result "1-0"]
[ECO "C65"]
[WhiteElo "2505"]
[BlackElo "2366"]
[Annotator "ChessBase"]
[PlyCount "79"]
[EventDate "2019.07.17"]
[EventType "team-tourn"]
[EventCountry "TUR"]
[SourceTitle "playchess.com"]
[Source "ChessBase"]
[SourceQuality "1"]
[TimeControl "40/5400+30:1800+30"]

1. e4 e5 2. Nf3 Nc6 3. Bb5 Nf6 4. d3 Bc5 5. O-O Nd4 6. Nxd4 Bxd4 7. c3 Bb6 8. Ba4 c6 9. Na3 d6 10. Bc2 h6 11. Nc4 Bc7 12. f4 Be6 13. fxe5 dxe5 14. Ne3 Bb6 15. Kh1 g6 16. Qf3 Nd7 17. b3 Qh4 18. Bb2 O-O-O 19. d4 h5 20. Rae1 Rh7 21. g3 Qg5 22. h4 Qh6 23. Kg2 exd4 24. cxd4 Ne5 25. dxe5 Rd2+ 26. Rf2 Rd8 27. Ba3 Bc7 28. Qf6 Bb6 29. Qf4 Qg7 30. Bd6 Rhh8 31. Bd3 Rhe8 32. Bc4 Rd7 33. Rc2 Bd8 34. Qf2 Bb6 35. Qf3 Bd8 36. Bd5 g5 37. hxg5 Bxg5 38. Nf5 Qh7 39. Rh1 Rh8 40. Qf2 1-0

[Event "Turkish Super League 2019"]
[Site "Konya"]
[Date "2019.07.21"]
[Round "5"]
[White "Asadli, Vugar"]
[Black "Yilmaz, Mustafa"]
[Result "1/2-1/2"]
[ECO "B96"]
[WhiteElo "2502"]
[BlackElo "2618"]
[Annotator "ChessBase"]
[PlyCount "60"]
[EventDate "2019.07.17"]
[EventType "team-tourn"]
[EventCountry "TUR"]
[SourceTitle "playchess.com"]
[Source "ChessBase"]
[SourceQuality "1"]
[TimeControl "40/5400+30:1800+30"]

1. e4 c5 2. Nf3 d6 3. d4 cxd4 4. Nxd4 Nf6 5. Nc3 a6 6. Bg5 e6 7. f4 h6 8. Bh4 Qb6 9. Qd3 Qxb2 10. Rb1 Qa3 11. f5 Be7 12. fxe6 Bxe6 13. Nxe6 fxe6 14. e5 dxe5 15. Bxf6 gxf6 16. Be2 e4 17. Qc4 Nd7 18. Nxe4 Qa5+ 19. c3 Qd5 20. O-O Qxc4 21. Bxc4 f5 22. Ng3 Nc5 23. Rfe1 O-O-O 24. Nxf5 exf5 25. Rxe7 Rhe8 26. Rxe8 Rxe8 27. Bd5 Kc7 28. h3 Re5 29. Bf3 b5 30. c4 Kb6 1/2-1/2

[Event "Turkish Super League 2019"]
[Site "Konya"]
[Date "2019.07.21"]
[Round "5"]
[White "Quparadze, Giga"]
[Black "Gulbas, Cemil"]
[Result "1-0"]
[ECO "B54"]
[WhiteElo "2499"]
[BlackElo "2380"]
[Annotator "ChessBase"]
[PlyCount "59"]
[EventDate "2019.07.17"]
[EventType "team-tourn"]
[EventCountry "TUR"]
[SourceTitle "playchess.com"]
[Source "ChessBase"]
[SourceQuality "1"]
[TimeControl "40/5400+30:1800+30"]

1. e4 c5 2. Nc3 e6 3. Nf3 a6 4. d4 cxd4 5. Nxd4 d6 6. g3 Ne7 7. Bg2 Nec6 8. Nb3 Be7 9. O-O O-O 10. f4 b5 11. g4 Qb6+ 12. Kh1 b4 13. Ne2 Rd8 14. g5 Bf8 15. f5 Nd7 16. g6 hxg6 17. fxe6 fxe6 18. Nf4 Nde5 19. Qe1 g5 20. Nh5 g4 21. Bg5 Re8 22. Qg3 Be7 23. Be3 Qd8 24. Bh3 Bh4 25. Qg2 Qe7 26. Bxg4 Nxg4 27. Qxg4 Ne5 28. Qg2 Kh7 29. Qh3 Rh8 30. Nf6+ 1-0

[Event "Turkish Super League 2019"]
[Site "Konya"]
[Date "2019.07.21"]
[Round "5"]
[White "Esen, Baris"]
[Black "Can, Emre"]
[Result "1/2-1/2"]
[ECO "B07"]
[WhiteElo "2478"]
[BlackElo "2595"]
[Annotator "ChessBase"]
[PlyCount "63"]
[EventDate "2019.07.17"]
[EventType "team-tourn"]
[EventCountry "TUR"]
[SourceTitle "playchess.com"]
[Source "ChessBase"]
[SourceQuality "1"]
[TimeControl "40/5400+30:1800+30"]

1. Nf3 g6 2. e4 Bg7 3. d4 d6 4. c3 Nf6 5. Bd3 O-O 6. O-O Nc6 7. d5 Nb8 8. h3 e6 9. dxe6 Bxe6 10. Be3 c6 11. Nbd2 Qc7 12. Nd4 Bc8 13. f4 a6 14. Qe1 Nbd7 15. Qh4 b5 16. f5 c5 17. fxg6 hxg6 18. N4f3 Nh7 19. Ng5 Nxg5 20. Bxg5 f6 21. Be3 Ne5 22. Bc2 Be6 23. Qg3 Bf7 24. Bf4 Qe7 25. Rfd1 Rfd8 26. Nf1 Qf8 27. Ne3 Bh6 28. Rd2 Bxf4 29. Qxf4 Be6 30. Bb3 c4 31. Bc2 Ra7 32. Rad1 1/2-1/2

[Event "Turkish Super League 2019"]
[Site "Konya"]
[Date "2019.07.21"]
[Round "5"]
[White "Benidze, Davit"]
[Black "Sanal, Vahap"]
[Result "1-0"]
[ECO "E08"]
[WhiteElo "2469"]
[BlackElo "2520"]
[Annotator "ChessBase"]
[PlyCount "67"]
[EventDate "2019.07.17"]
[EventType "team-tourn"]
[EventCountry "TUR"]
[SourceTitle "playchess.com"]
[Source "ChessBase"]
[SourceQuality "1"]
[TimeControl "40/5400+30:1800+30"]

1. Nf3 Nf6 2. c4 e6 3. g3 d5 4. Bg2 Be7 5. O-O O-O 6. d4 c6 7. Qc2 b6 8. b3 Nbd7 9. Rd1 Bb7 10. Nc3 Rc8 11. e4 a5 12. Bf4 Ba6 13. Bf1 Nxe4 14. Nxe4 dxe4 15. Qxe4 c5 16. Bg2 cxd4 17. Nxd4 Nc5 18. Qe2 Qe8 19. Nb5 Bb7 20. Bxb7 Nxb7 21. Qf3 Nd8 22. Nd6 Qc6 23. Qxc6 Rxc6 24. Nb5 Bf6 25. Rac1 e5 26. Be3 Nb7 27. a3 Rd8 28. Rxd8+ Nxd8 29. Rd1 Be7 30. Na7 Re6 31. Nc8 Kf8 32. Bxb6 Rc6 33. Nxe7 Rxb6 34. Nc8 1-0

[Event "Turkish Super League 2019"]
[Site "Konya"]
[Date "2019.07.21"]
[Round "5"]
[White "Tsolakidou, Stavroula"]
[Black "Savina, Anastasia"]
[Result "0-1"]
[ECO "E75"]
[WhiteElo "2423"]
[BlackElo "2344"]
[Annotator "NA"]
[PlyCount "72"]
[EventDate "2019.07.17"]
[EventType "team-tourn"]
[EventCountry "TUR"]
[SourceTitle "playchess.com"]
[Source "ChessBase"]
[SourceQuality "1"]
[TimeControl "40/5400+30:1800+30"]

1. d4 Nf6 2. c4 g6 3. Nc3 Bg7 4. e4 d6 5. Be2 O-O 6. Bg5 c5 7. d5 h6 8. Be3 e6 9. Nf3 exd5 10. cxd5 b5 11. e5 Ng4 12. Nxb5 Nxe3 13. fxe3 Nd7 14. exd6 Ne5 15. Qd2 Rb8 16. Nc3 Nxf3+ 17. Bxf3 Ba6 18. Rc1 Re8 19. Rc2 Bd4 20. Nd1 Qxd6 21. Kf2 Be5 22. g3 h5 23. Kg2 h4 24. Nf2 Bxg3 25. Ne4 Rxe4 26. Bxe4 Rb4 27. Bf3 Bxh2 28. Qe1 Bg3 29. Qd2 Bh2 30. Qe1 Bg3 31. Qd2 Qf6 32. Rhc1 Bd6 33. e4 h3+ 34. Kf2 Qh4+ 35. Kg1 Qg3+ 36. Bg2 Qh2+ 0-1

[Event "Turkish Super League 2019"]
[Site "Konya"]
[Date "2019.07.21"]
[Round "5"]
[White "Osmak, Iulija"]
[Black "Mammadzada, Gunay"]
[Result "0-1"]
[ECO "D10"]
[WhiteElo "2395"]
[BlackElo "2427"]
[Annotator "NA"]
[PlyCount "138"]
[EventDate "2019.07.17"]
[EventType "team-tourn"]
[EventCountry "TUR"]
[SourceTitle "playchess.com"]
[Source "ChessBase"]
[SourceQuality "1"]
[TimeControl "40/5400+30:1800+30"]

1. d4 d5 2. c4 c6 3. cxd5 cxd5 4. Nc3 Nf6 5. Bf4 Nc6 6. e3 Bg4 7. Qb3 Na5 8. Qa4+ Bd7 9. Qc2 e6 10. Nf3 Be7 11. h3 Rc8 12. Bd3 Nc4 13. O-O Ne4 14. Bxe4 dxe4 15. Ne5 f5 16. Rfd1 O-O 17. d5 Nxe5 18. Bxe5 Qb6 19. Qe2 Rfd8 20. Rd2 Bb4 21. Qh5 Be7 22. d6 Bf8 23. Qg5 Be8 24. Rad1 Rd7 25. Ne2 h6 26. Qf4 Bf7 27. g4 g6 28. Kh1 Qd8 29. Bc3 Bg7 30. Rg1 Qh4 31. Kh2 g5 32. Qg3 Qxg3+ 33. Nxg3 Bxc3 34. bxc3 Bg6 35. gxf5 exf5 36. Rd5 Kf7 37. Rgd1 Ke6 38. R5d2 Rc6 39. Ne2 Rcxd6 40. Nd4+ Kf6 41. Rb1 Bf7 42. Rb4 Rd5 43. Rdb2 b6 44. Ra4 Rc7 45. c4 Rdc5 46. Nb5 Be8 47. Ra6 Bxb5 48. cxb5 Rc1 49. Kg2 f4 50. Ra4 Kf5 51. Rd2 fxe3 52. fxe3 R1c2 53. Rxc2 Rxc2+ 54. Kg1 Rc7 55. Ra6 g4 56. Kg2 h5 57. Kg3 h4+ 58. Kxh4 Rh7+ 59. Kg3 gxh3 60. Kh2 Kg4 61. Ra3 Rd7 62. Rb3 Rd2+ 63. Kh1 Kg3 64. Rb1 Rh2+ 65. Kg1 Rxa2 66. Kh1 Rh2+ 67. Kg1 Rg2+ 68. Kh1 h2 69. Rf1 Rg1+ 0-1

[Event "Turkish Super League 2019"]
[Site "Konya"]
[Date "2019.07.21"]
[Round "5"]
[White "Selbes, Tarik"]
[Black "Haznedaroglu, Kivanc"]
[Result "0-1"]
[ECO "B08"]
[WhiteElo "2342"]
[BlackElo "2448"]
[Annotator "NA"]
[PlyCount "72"]
[EventDate "2019.07.17"]
[EventType "team-tourn"]
[EventCountry "TUR"]
[SourceTitle "playchess.com"]
[Source "ChessBase"]
[SourceQuality "1"]
[TimeControl "40/5400+30:1800+30"]

1. Nf3 g6 2. e4 Bg7 3. d4 d6 4. h3 Nf6 5. Nc3 c6 6. a4 O-O 7. a5 Qc7 8. Be3 Nbd7 9. Qd2 e5 10. dxe5 Nxe5 11. Nxe5 dxe5 12. Bc4 Rd8 13. Qe2 Nh5 14. g3 Bf8 15. Ra4 Ng7 16. Nb1 Ne6 17. c3 Nc5 18. Bxc5 Bxc5 19. Nd2 Qe7 20. Nf3 a6 21. Kf1 Rd6 22. Kg2 Rf6 23. b4 Ba7 24. Ra2 Bd7 25. Rd1 Re8 26. Qd3 Bc8 27. Nh2 h5 28. Nf3 Kg7 29. Rdd2 h4 30. Nxh4 Rh8 31. Ra1 Rf4 32. gxf4 Qxh4 33. Rh1 exf4 34. Rh2 f3+ 35. Kh1 Qg5 36. Rd1 Rxh3 0-1

[Event "Turkish Super League 2019"]
[Site "Konya"]
[Date "2019.07.21"]
[Round "5"]
[White "Secer, Ata"]
[Black "Heberla, Bartlomiej"]
[Result "1-0"]
[ECO "B30"]
[WhiteElo "2324"]
[BlackElo "2534"]
[Annotator "ChessBase"]
[PlyCount "107"]
[EventDate "2019.07.17"]
[EventType "team-tourn"]
[EventCountry "TUR"]
[SourceTitle "playchess.com"]
[Source "ChessBase"]
[SourceQuality "1"]
[TimeControl "40/5400+30:1800+30"]

1. e4 c5 2. Nf3 Nc6 3. Bb5 e6 4. Bxc6 bxc6 5. b3 Ne7 6. Bb2 d5 7. e5 Ba6 8. d3 c4 9. dxc4 dxc4 10. Qxd8+ Rxd8 11. Nbd2 Nd5 12. Nxc4 Bb4+ 13. c3 Bxc4 14. cxb4 Ba6 15. O-O-O Nxb4 16. Rxd8+ Kxd8 17. Bd4 c5 18. Be3 Nxa2+ 19. Kd2 c4 20. bxc4 Bxc4 21. Bxa7 Kd7 22. Rb1 Bd5 23. Bc5 Rc8 24. Rb5 Ra8 25. Nd4 Ra4 26. f3 Kc8 27. Rb2 f6 28. exf6 gxf6 29. Ne2 Kd7 30. Rb8 Rc4 31. Ba3 Ra4 32. Bc5 h5 33. Rh8 Ra5 34. Rh7+ Ke8 35. Bd4 e5 36. Bb2 Rb5 37. Ba3 Bf7 38. Rh8+ Kd7 39. Ra8 Rb7 40. Ra6 Bc4 41. Rd6+ Ke8 42. Rxf6 Rb3 43. Rf8+ Kd7 44. Ra8 Rd3+ 45. Kc2 Re3 46. Nc1 e4 47. Kd2 Rc3 48. fxe4 Bb3 49. Nxb3 Rxb3 50. Ra6 Rb5 51. Kd3 Rb3+ 52. Kd4 Rb1 53. e5 Rd1+ 54. Kc4 1-0

[Event "Turkish Super League 2019"]
[Site "Konya"]
[Date "2019.07.21"]
[Round "5"]
[White "Ozturk, Kubra"]
[Black "Buksa, Nataliya"]
[Result "1/2-1/2"]
[ECO "E20"]
[WhiteElo "2317"]
[BlackElo "2379"]
[Annotator "NA"]
[PlyCount "77"]
[EventDate "2019.07.17"]
[EventType "team-tourn"]
[EventCountry "TUR"]
[SourceTitle "playchess.com"]
[Source "ChessBase"]
[SourceQuality "1"]
[TimeControl "40/5400+30:1800+30"]

1. d4 Nf6 2. c4 e6 3. Nc3 Bb4 4. g3 O-O 5. Bg2 d5 6. Nf3 dxc4 7. O-O Nc6 8. Qa4 Nd5 9. Qc2 Rb8 10. e4 Nxc3 11. bxc3 Be7 12. Rd1 b5 13. Bf4 Bd6 14. Be3 a5 15. e5 Be7 16. Nd2 Qe8 17. a4 b4 18. Nxc4 bxc3 19. Qxc3 Bb4 20. Qc2 Bb7 21. Be4 h6 22. Rab1 Ba8 23. Rbc1 Ne7 24. Bxa8 Rxa8 25. Nb2 Nd5 26. Bd2 Rb8 27. Nc4 Qd7 28. Nxa5 Bxa5 29. Bxa5 Ra8 30. Qd2 Ra7 31. Rc5 Qxa4 32. Rdc1 Rc8 33. R1c4 Qa1+ 34. Kg2 Rb8 35. Rc1 Rb1 36. Bc3 Nxc3 37. R5xc3 Rxc1 38. Rxc1 Qa6 39. Qb4 1/2-1/2

[Event "Turkish Super League 2019"]
[Site "Konya"]
[Date "2019.07.21"]
[Round "5"]
[White "Tasdogen, Dincer"]
[Black "Keler, Faruk"]
[Result "1-0"]
[ECO "C45"]
[WhiteElo "2310"]
[BlackElo "2263"]
[Annotator "NA"]
[PlyCount "55"]
[EventDate "2019.07.17"]
[EventType "team-tourn"]
[EventCountry "TUR"]
[SourceTitle "playchess.com"]
[Source "ChessBase"]
[SourceQuality "1"]
[TimeControl "40/5400+30:1800+30"]

1. e4 e5 2. Nf3 Nc6 3. d4 exd4 4. Nxd4 Qf6 5. Nb5 Bc5 6. Qe2 Bb6 7. N1c3 Nge7 8. Be3 Ba5 9. O-O-O O-O 10. Nd5 Nxd5 11. exd5 Ne7 12. d6 Nf5 13. Nxc7 Bxc7 14. dxc7 Re8 15. Qd2 Nxe3 16. Re1 d6 17. Bb5 Re5 18. Rxe3 Be6 19. Be2 Rc5 20. Bd3 Bxa2 21. Qb4 Rxc7 22. Qa5 Qxf2 23. Rhe1 Rcc8 24. Qxa2 Qxg2 25. Re7 d5 26. Qa4 g6 27. Qf4 Rf8 28. Rf1 1-0

[Event "Turkish Super League 2019"]
[Site "Konya"]
[Date "2019.07.21"]
[Round "5"]
[White "Caglar, Sila"]
[Black "Maltsevskaya, Aleksandra"]
[Result "0-1"]
[ECO "B23"]
[WhiteElo "2306"]
[BlackElo "2294"]
[Annotator "NA"]
[PlyCount "82"]
[EventDate "2019.07.17"]
[EventType "team-tourn"]
[EventCountry "TUR"]
[SourceTitle "playchess.com"]
[Source "ChessBase"]
[SourceQuality "1"]
[TimeControl "40/5400+30:1800+30"]

1. e4 c5 2. Nc3 e6 3. Nge2 Nc6 4. g3 Nge7 5. Bg2 g6 6. d4 cxd4 7. Nxd4 Bg7 8. Ndb5 O-O 9. O-O b6 10. Bf4 Ba6 11. a4 Ne5 12. b3 Rc8 13. Qd2 N7c6 14. Na2 Bxb5 15. axb5 Nd4 16. Kh1 Nef3 17. Qd3 Nxc2 18. Bxf3 Nxa1 19. Bd6 Nc2 20. Rc1 Nd4 21. Bxf8 Qxf8 22. Rc4 Rxc4 23. bxc4 Qc5 24. Bg2 a5 25. bxa6 Qa5 26. Nc3 Qxa6 27. Nb5 Qa1+ 28. Qf1 Qa2 29. Nxd4 Bxd4 30. f4 Kf8 31. Qd3 Qf2 32. Qd1 f6 33. h4 e5 34. fxe5 Bxe5 35. Qxd7 Qe1+ 36. Kh2 Qxg3+ 37. Kg1 Qe1+ 38. Bf1 Qe3+ 39. Kh1 Qxe4+ 40. Kg1 Bd4+ 41. Kh2 Qf4+ 0-1

[Event "Turkish Super League 2019"]
[Site "Konya"]
[Date "2019.07.21"]
[Round "5"]
[White "Dordzhieva, Dinara"]
[Black "Atalik, Ekaterina"]
[Result "1/2-1/2"]
[ECO "D76"]
[WhiteElo "2306"]
[BlackElo "2459"]
[Annotator "ChessBase"]
[PlyCount "95"]
[EventDate "2019.07.17"]
[EventType "team-tourn"]
[EventCountry "TUR"]
[SourceTitle "playchess.com"]
[Source "ChessBase"]
[SourceQuality "1"]
[TimeControl "40/5400+30:1800+30"]

1. Nf3 Nf6 2. g3 d5 3. Bg2 g6 4. c4 Bg7 5. cxd5 Nxd5 6. d4 Nb6 7. Nc3 Nc6 8. e3 O-O 9. O-O Re8 10. h3 e5 11. d5 Na5 12. Qc2 Nac4 13. Rd1 Nd6 14. e4 Rf8 15. b3 f5 16. a4 Nd7 17. exf5 gxf5 18. Ba3 a6 19. Rac1 Rf7 20. Qd2 h6 21. Rc2 Qf6 22. Ne2 Bf8 23. Qc1 Ne8 24. Bb2 Qd6 25. Nd2 Qg6 26. Nc4 f4 27. Nd2 Bd6 28. Nf3 Ng7 29. gxf4 exf4 30. Kh1 Qh5 31. Neg1 Nf6 32. Re2 Bf5 33. Rde1 Bd3 34. Re5 Bxe5 35. Nxe5 Bf5 36. Nxf7 Qxf7 37. Qxf4 Nxd5 38. Qd4 c6 39. Qh4 Qg6 40. Nf3 Re8 41. Ne5 Qg5 42. Qxg5 hxg5 43. Bxd5+ cxd5 44. Rg1 Ne6 45. h4 Rc8 46. Bc1 Rc3 47. Bxg5 Rxb3 48. Bf6+ 1/2-1/2

[Event "Turkish Super League 2019"]
[Site "Konya"]
[Date "2019.07.21"]
[Round "5"]
[White "Injac, Teodora"]
[Black "Daulyte-Cornette, Deimante"]
[Result "1/2-1/2"]
[ECO "E97"]
[WhiteElo "2305"]
[BlackElo "2444"]
[Annotator "NA"]
[PlyCount "90"]
[EventDate "2019.07.17"]
[EventType "team-tourn"]
[EventCountry "TUR"]
[SourceTitle "playchess.com"]
[Source "ChessBase"]
[SourceQuality "1"]
[TimeControl "40/5400+30:1800+30"]

1. d4 Nf6 2. c4 g6 3. Nc3 Bg7 4. e4 d6 5. Nf3 O-O 6. Be2 e5 7. O-O Nc6 8. d5 Ne7 9. Kh1 a5 10. Ne1 Nd7 11. Nd3 f5 12. Bd2 fxe4 13. Nxe4 Nf6 14. f3 Nf5 15. Ndf2 Kh8 16. Nxf6 Qxf6 17. Ne4 Qf7 18. Bd3 Bd7 19. Qe1 b6 20. g4 Nd4 21. Qh4 Qg8 22. f4 exf4 23. Bxf4 b5 24. Ng5 Bf6 25. Be3 Be5 26. Rae1 c5 27. Bxd4 cxd4 28. Nf3 bxc4 29. Bxc4 Bc6 30. Ng5 Bxd5+ 31. Bxd5 Qxd5+ 32. Kg1 Qb7 33. Qh6 Qg7 34. Qh3 Qe7 35. Qh6 Qg7 36. Qh3 d3 37. Qxd3 Qa7+ 38. Kg2 Qb7+ 39. Qe4 Qxb2+ 40. Re2 Qc3 41. Nf7+ Kg7 42. Nxe5 dxe5 43. Rxf8 Rxf8 44. Qxe5+ Qxe5 45. Rxe5 Rf4 1/2-1/2

[Event "Turkish Super League 2019"]
[Site "Konya"]
[Date "2019.07.21"]
[Round "5"]
[White "Sevgi, Volkan"]
[Black "Esipenko, Andrey"]
[Result "0-1"]
[ECO "D77"]
[WhiteElo "2302"]
[BlackElo "2621"]
[Annotator "ChessBase"]
[PlyCount "70"]
[EventDate "2019.07.17"]
[EventType "team-tourn"]
[EventCountry "TUR"]
[SourceTitle "playchess.com"]
[Source "ChessBase"]
[SourceQuality "1"]
[TimeControl "40/5400+30:1800+30"]

1. Nf3 d5 2. g3 g6 3. Bg2 Bg7 4. d4 Nf6 5. O-O O-O 6. c4 dxc4 7. Ne5 c5 8. dxc5 Qc7 9. Nxc4 Qxc5 10. Nba3 Nc6 11. Be3 Qh5 12. f3 Nd5 13. Bf2 Rd8 14. Qe1 Bh3 15. Rb1 Bxg2 16. Kxg2 Ndb4 17. e4 Nd3 18. Qe3 Bh6 19. f4 e5 20. Be1 b5 21. Nd2 exf4 22. gxf4 Qg4+ 23. Bg3 Bxf4 24. Qf3 Qg5 25. h4 Qxg3+ 26. Qxg3 Bxg3 27. Kxg3 Nde5 28. Nf3 Nxf3 29. Rxf3 Ne5 30. Rb3 a6 31. Nc2 Nc4 32. Rc3 Rd2 33. Nb4 Re8 34. Kf3 Rd4 35. Re1 Ne5+ 0-1

[Event "Turkish Super League 2019"]
[Site "Konya"]
[Date "2019.07.21"]
[Round "5"]
[White "Yildiz Kadioglu, Betul Cemre"]
[Black "Szczepkowska, Karina"]
[Result "1/2-1/2"]
[ECO "A05"]
[WhiteElo "2290"]
[BlackElo "2425"]
[Annotator "NA"]
[PlyCount "62"]
[EventDate "2019.07.17"]
[EventType "team-tourn"]
[EventCountry "TUR"]
[SourceTitle "playchess.com"]
[Source "ChessBase"]
[SourceQuality "1"]
[TimeControl "40/5400+30:1800+30"]

1. Nf3 Nf6 2. g3 b5 3. Bg2 Bb7 4. O-O e6 5. d3 Be7 6. e4 d6 7. a4 b4 8. c3 bxc3 9. bxc3 Nbd7 10. a5 a6 11. Nbd2 O-O 12. Qe2 c5 13. d4 cxd4 14. cxd4 Bc6 15. Rd1 Bb5 16. Qe1 Rb8 17. Nb1 Qc7 18. Nc3 Bc4 19. Bd2 Rfc8 20. Rdc1 Qa7 21. Be3 d5 22. Bf4 Ra8 23. e5 Ne8 24. Na4 Rab8 25. Rab1 Nc7 26. Be3 Rxb1 27. Rxb1 Nb5 28. Nb2 Na3 29. Rc1 Qb7 30. Nxc4 Nxc4 31. Rb1 Qc7 1/2-1/2

[Event "Turkish Super League 2019"]
[Site "Konya"]
[Date "2019.07.21"]
[Round "5"]
[White "Olcum, Ahmet"]
[Black "Demircioglu, Emre"]
[Result "1-0"]
[ECO "D02"]
[WhiteElo "2271"]
[BlackElo "2242"]
[Annotator "NA"]
[PlyCount "45"]
[EventDate "2019.07.17"]
[EventType "team-tourn"]
[EventCountry "TUR"]
[SourceTitle "playchess.com"]
[Source "ChessBase"]
[SourceQuality "1"]
[TimeControl "40/5400+30:1800+30"]

1. d4 Nf6 2. Bf4 d5 3. e3 e6 4. Nd2 Bd6 5. Bg3 c5 6. c3 Nc6 7. Ngf3 O-O 8. Bb5 Ne7 9. Bd3 Ng6 10. Ne5 b6 11. f4 Bb7 12. Qf3 Ne8 13. h4 Ne7 14. h5 f5 15. Bh4 Nf6 16. Bxf6 gxf6 17. Qg3+ Kh8 18. Ng6+ Kg7 19. Nxf8+ Kxf8 20. Qh4 Kf7 21. g4 fxg4 22. Bxh7 f5 23. Bg6+ 1-0

[Event "Turkish Super League 2019"]
[Site "Konya"]
[Date "2019.07.21"]
[Round "5"]
[White "Yuksel, Atilla Koksal"]
[Black "Aydin, Hakan Arda"]
[Result "1-0"]
[ECO "C56"]
[WhiteElo "2241"]
[BlackElo "1956"]
[Annotator "NA"]
[PlyCount "111"]
[EventDate "2019.07.17"]
[EventType "team-tourn"]
[EventCountry "TUR"]
[SourceTitle "playchess.com"]
[Source "ChessBase"]
[SourceQuality "1"]
[TimeControl "40/5400+30:1800+30"]

1. e4 e5 2. Nf3 Nc6 3. d4 exd4 4. Bc4 Nf6 5. O-O Nxe4 6. Re1 d5 7. Bxd5 Qxd5 8. Nc3 Qa5 9. Nxe4 Be6 10. Neg5 O-O-O 11. Nxe6 fxe6 12. Rxe6 Bd6 13. Qe2 Qh5 14. h3 Rhe8 15. Kf1 Kd7 16. Ne5+ Bxe5 17. Qxh5 Rxe6 18. Qf7+ Ne7 19. Bg5 h6 20. Bxe7 Rxe7 21. Qf5+ Ke8 22. Re1 Bd6 23. Rxe7+ Bxe7 24. Qb5+ Rd7 25. Qxb7 c5 26. Qc8+ Rd8 27. Qc6+ Rd7 28. Ke2 Bd6 29. Kd3 Ke7 30. Ke4 Rc7 31. Qd5 Rc8 32. Qb7+ Rc7 33. Qa8 Kd7 34. Qg8 Kc6 35. Qd5+ Kd7 36. b3 Ke7 37. Kf5 Rd7 38. Qg8 g5 39. Qh8 Bc7 40. Qf6+ Ke8 41. Qc6 Ke7 42. Qxc5+ Ke8 43. Qc6 Ke7 44. Qxh6 Ke8 45. Qh8+ Kf7 46. Qh7+ Ke8 47. Qg8+ Ke7 48. Qxg5+ Ke8 49. Qg8+ Ke7 50. Qg7+ Ke8 51. Qh8+ Ke7 52. Qf6+ Ke8 53. Qc6 Ke7 54. h4 Bb6 55. Qf6+ Ke8 56. Ke4 1-0

[Event "Turkish Super League 2019"]
[Site "Konya"]
[Date "2019.07.21"]
[Round "5"]
[White "Yaran, Siar"]
[Black "Citak, Selim"]
[Result "0-1"]
[ECO "A01"]
[WhiteElo "2197"]
[BlackElo "2253"]
[Annotator "NA"]
[PlyCount "82"]
[EventDate "2019.07.17"]
[EventType "team-tourn"]
[EventCountry "TUR"]
[SourceTitle "playchess.com"]
[Source "ChessBase"]
[SourceQuality "1"]
[TimeControl "40/5400+30:1800+30"]

1. b3 d5 2. Bb2 Bg4 3. g3 Nc6 4. Bg2 e5 5. c4 d4 6. d3 Nf6 7. Nf3 Be7 8. O-O O-O 9. Na3 Re8 10. Nc2 a5 11. Qd2 Bc5 12. h3 Bh5 13. g4 Bg6 14. Nh4 Ne4 15. dxe4 Qxh4 16. a3 h5 17. b4 Be7 18. b5 Nd8 19. f4 hxg4 20. hxg4 Qxg4 21. f5 Bh5 22. Rf3 Qg5 23. Rd3 Qxd2 24. Rxd2 Bg5 25. e3 c5 26. Kf2 Bh4+ 27. Kg1 b6 28. Bf1 Bg5 29. Rh2 g6 30. Kf2 Nb7 31. Bd3 Rad8 32. Rg1 f6 33. Bc1 dxe3+ 34. Nxe3 Rxd3 35. Nd5 Kf7 36. Bxg5 fxg5 37. Rxh5 gxh5 38. Rxg5 Nd6 39. Rg6 Nxe4+ 40. Ke2 Rxd5 41. cxd5 Nf6 0-1

[Event "Turkish Super League 2019"]
[Site "Konya"]
[Date "2019.07.21"]
[Round "5"]
[White "Akdogan, Alperen"]
[Black "Kilic, Efe Mert"]
[Result "0-1"]
[ECO "E07"]
[WhiteElo "2193"]
[BlackElo "2275"]
[Annotator "NA"]
[PlyCount "72"]
[EventDate "2019.07.17"]
[EventType "team-tourn"]
[EventCountry "TUR"]
[SourceTitle "playchess.com"]
[Source "ChessBase"]
[SourceQuality "1"]
[TimeControl "40/5400+30:1800+30"]

1. d4 Nf6 2. Nf3 e6 3. c4 d5 4. g3 Bb4+ 5. Bd2 Be7 6. Bg2 O-O 7. O-O Nbd7 8. Nc3 dxc4 9. e4 c6 10. Bf4 Qa5 11. a3 Re8 12. Re1 Bf8 13. Qc2 h6 14. Rad1 b5 15. d5 e5 16. dxc6 exf4 17. cxd7 Nxd7 18. e5 Nc5 19. Nd4 Bb7 20. Bxb7 Nxb7 21. e6 fxe6 22. Nxe6 fxg3 23. hxg3 Nc5 24. Qg6 Nxe6 25. Rxe6 Rxe6 26. Qxe6+ Kh8 27. Rd5 a6 28. Rd7 Bxa3 29. Qe5 Bf8 30. Nd5 Rd8 31. Nf4 Rxd7 32. Qe6 Rd1+ 33. Kh2 Qd8 34. Ng6+ Kh7 35. Qf5 Qf6 36. Nxf8+ Kg8 0-1

[Event "Turkish Super League 2019"]
[Site "Konya"]
[Date "2019.07.21"]
[Round "5"]
[White "Ozkan, Ervin"]
[Black "Samani, Yamac"]
[Result "1-0"]
[ECO "D02"]
[WhiteElo "2175"]
[BlackElo "2266"]
[Annotator "NA"]
[PlyCount "117"]
[EventDate "2019.07.17"]
[EventType "team-tourn"]
[EventCountry "TUR"]
[SourceTitle "playchess.com"]
[Source "ChessBase"]
[SourceQuality "1"]
[TimeControl "40/5400+30:1800+30"]

1. d4 c5 2. c3 Nf6 3. Nf3 d5 4. Bf4 Nc6 5. e3 Qb6 6. Qb3 c4 7. Qc2 Bf5 8. Qc1 e6 9. Nbd2 Be7 10. Be2 h6 11. O-O O-O 12. h3 a5 13. a4 Rfc8 14. Ne5 Nxe5 15. Bxe5 Qc6 16. Re1 Ra7 17. Bd1 b5 18. axb5 Qxb5 19. Ba4 Qb6 20. Bc2 Bd3 21. Bxf6 Bxf6 22. Bxd3 cxd3 23. Nf3 Rb7 24. Ra2 Qb3 25. Qa1 a4 26. Rd1 a3 27. Rxa3 Qxb2 28. Rxd3 Be7 29. Qxb2 Rxb2 30. Ra7 Rb1+ 31. Kh2 Bd6+ 32. g3 Rb3 33. Rd7 Rc6 34. Nd2 Rb2 35. e4 Ra6 36. exd5 exd5 37. Kg2 Kf8 38. Re3 f5 39. Nf1 f4 40. gxf4 Bxf4 41. Rf3 Rg6+ 42. Ng3 Rxg3+ 43. Rxg3 Bxg3 44. Kxg3 Rc2 45. Rc7 Kg8 46. h4 Kh7 47. h5 Rc1 48. Rc5 Rg1+ 49. Kh4 Rh1+ 50. Kg4 Rg1+ 51. Kf5 Rg5+ 52. Ke6 Rxh5 53. Rxd5 Rh1 54. c4 Kg6 55. c5 Rc1 56. Rd8 h5 57. Rh8 Rc4 58. Kd5 Rc2 59. c6 1-0